cohdb
Replays
Latest Replays
All Replays
Popular Replays
Top Player Replays
Match Explorer
How It Works
Community
CoH3 Stats
Reddit
Sign in to upload your games and track your stats! →
Sign in with Steam
Match 43279467
Unlisted
Match 43279467
Overview
Messages
Build Orders
End
Vickers Machine Gun Team
Vickers Machine Gun Team
Selects Heavy Armor Battlegroup
Construct Section Command Post
ML 3-inch Mortar Team
Infantry Section
Selects Light Vehicle Withdraw and Refit
Infantry Section
Infantry Section
Grenade Package
Construct Platoon Command Post
Selects Engineer Detachments
6-pounder Anti-tank Gun Team
6-pounder Anti-tank Gun Team
Royal Engineer Section
Royal Engineer Section
Royal Engineer Section
Royal Engineer Section
Royal Engineer Section
Selects Forward Repair Assembly
Infantry Section
CMP 15cwt Truck
Team Weapon Training
6-pounder Anti-tank Gun Team
Royal Engineer Section
Royal Engineer Section
grzesiekskubiszewski
Josenel
KIM MIN JAE
Guderian ITA
Fajolada
Marchino
0
0
Comments
sign in to comment!
No comments posted yet!